 Dungeon Crawl Stone Soup version 0.30-a0-137-gd8773701ce (webtiles) character file.

Game seed: 12131818135559091185

243 blackman the Poker (level 5, 0/45 HPs)
             Began as a Minotaur Fighter on Sept 22, 2022.
             Slain by an orc wizard
             ... wielding a +0 dagger of speed
              (2 damage)
             ... on level 3 of the Dungeon.
             The game lasted 00:02:36 (1262 turns).

blackman the Poker (Minotaur Fighter)               Turns: 1262, Time: 00:02:37

Health: 0/45       AC:  8    Str: 22    XL:     5   Next: 82%
Magic:  4/4        EV:  9    Int:  5    God:
Gold:   96         SH:  0    Dex: 10    Spells: 4/4 levels left

rFire   . . .      SeeInvis .    a - +0 trident
rCold   . . .      Faith    .    c - +0 buckler
rNeg    . . .      Spirit   .    b - +0 scale mail
rPois   .          Reflect  .    (helmet restricted)
rElec   .          Harm     .    (no cloak)
rCorr   .          Rampage  .    m - +0 pair of gloves
Will    .....                    (no boots)
Stlth   ..........               (no amulet)
HPRegen 0.15/turn                (no ring)
MPRegen 0.09/turn                (no ring)

@: confused
A: horns 2, retaliatory headbutt
a: no special abilities


You were on level 3 of the Dungeon.
You visited 1 branch of the dungeon, and saw 3 of its levels.

You collected 96 gold pieces.

Inventory:

Hand Weapons
 a - a +0 trident (weapon)
 l - a +0 dagger
   (You found it on level 1 of the Dungeon)
Missiles
 e - 3 datura-tipped darts (quivered)
 q - 6 poisoned darts
Armour
 b - a +0 scale mail (worn)
 c - a +0 buckler (worn)
 m - a +0 pair of gloves (worn)
   (You found it on level 1 of the Dungeon)
Scrolls
 f - a scroll of silence {unknown}
 h - a scroll of blinking {unknown}
 i - a scroll of teleportation {unknown}
 j - a scroll of enchant weapon {unknown}
 k - 6 scrolls of identify {unknown}
 n - a scroll of fear {unknown}
 o - a scroll of enchant armour {unknown}
 p - a scroll of acquirement {unknown}
Potions
 d - 2 potions of magic {unknown}
 g - a potion of heal wounds {unknown}


   Skills:
 - Level 3.6 Fighting
 + Level 7.5 Polearms
 - Level 3.6 Armour
 - Level 3.6 Shields


You had 4 spell levels left.
You didn't know any spells.
Your spell library contained the following spells:

 Spells                   Type           Power      Damage    Failure   Level
 Static Discharge         Conj/Air       0%         2-2/arc   95%         2
 Ozocubu's Armour         Ice            0%         N/A       99%         3
 Dispel Undead            Necr           0%         3d6       100%        4
 Sticky Flame             Conj/Fire      0%         2d3       100%        4
 Metabolic Englaciation   Hex/Ice        0%         N/A       100%        5
 Simulacrum               Ice/Necr       0%         N/A       100%        6


Dungeon Overview and Level Annotations

Branches:
Dungeon (3/15)

Altars:

Shops:
D:2 [


Innate Abilities, Weirdness & Mutations

You have a pair of horns on your head.
You reflexively headbutt those who attack you in melee.


Message History

Something hits you but does no damage.
You closely miss something.
You hear some strange, mumbled words.
You are confused.
You're too confused to move!
Something hits you but does no damage.
You barely miss something. Something hits you but does no damage.
Something hits you.
You miss something. Your headbutt misses something.
Something hits you but does no damage.
You barely miss something.
You feel less confused. Something hits you but does no damage.
Something hits you.
You closely miss something. Your headbutt misses something. Something hits you.
You hit something. Something hits you but does no damage.
You closely miss something. Something hits you.
Something hits you but does no damage.
You closely miss something. Something hits you but does no damage.
You barely miss something. You headbutt something. Something hits you.
You hear some strange, mumbled words.
A magic dart appears from out of thin air!
The magic dart hits you.
* * * LOW HITPOINT WARNING * * *
You miss something. Something hits you but does no damage.
You hit something but do no damage. Something hits you but does no damage.
You closely miss something. Your headbutt misses something.
Something hits you but does no damage. Something completely misses you.
You closely miss something. Something hits you but does no damage.
You closely miss something. Your headbutt misses something.
Something hits you but does no damage.
You hear some strange, mumbled words.
You are confused.
You miss something. Something hits you.
* * * LOW HITPOINT WARNING * * *
You miss something. Something hits you.
* * * LOW HITPOINT WARNING * * *
You're too confused to move!
Something hits you.
* * * LOW HITPOINT WARNING * * *
Something hits you but does no damage.
You bump into the rock wall.
Something hits you.
You die...

#.# #.# ##.#
#..# #.## ##
#.# ##.##.#
##...#.##
##....)@.######
#.:....{)......
##....)).######
##...#.##
##.##.# #. #.#
#. #.# #.# #.#


There were no monsters in sight!

Vanquished Creatures
  Sigmund (D:2)
  An orc wizard (D:3)
  2 adders (D:2)
  2 worms (D:2)
  2 dart slugs (D:2)
  3 orcs (D:3)
  4 ball pythons
  6 bats
  A giant cockroach (D:1)
  2 goblins
  3 hobgoblins (D:1)
  2 quokkas
  2 frilled lizards
  14 rats
45 creatures vanquished.

Notes
Turn   | Place    | Note
-------+----------+-------------------------------------------
     0 | D:1      | blackman the Minotaur Fighter began the quest for the Orb.
     0 | D:1      | Reached XP level 1. HP: 19/19 MP: 0/0
    50 | D:1      | Found a faded altar of an unknown god.
    51 | D:1      | Noticed a floating eye
    52 | D:1      | Noticed an eye of devastation
    53 | D:1      | Noticed a floating eye
    53 | D:1      | Noticed a floating eye
   114 | D:1      | Reached skill level 3 in Polearms
   237 | D:1      | Reached XP level 2. HP: 24/26 MP: 1/1
   598 | D:1      | Reached skill level 4 in Polearms
   731 | D:2      | Noticed Sigmund
   737 | D:2      | Killed Sigmund
   738 | D:2      | Reached skill level 6 in Polearms
   738 | D:2      | Reached XP level 3. HP: 31/31 MP: 2/2
   738 | D:2      | Reached XP level 4. HP: 39/39 MP: 3/3
   738 | D:2      | Reached XP level 5. HP: 45/45 MP: 4/4
   881 | D:2      | Reached skill level 7 in Polearms
   987 | D:2      | Found Tiusios's Antique Armour Shop.
  1261 | D:3      | HP: 2/45 [something (2)]
  1262 | D:3      | Slain by an orc wizard

Illustrated notes

Levels and vault maps discovered:
D:1:      erik_arrival_blinker_ship, layout_rooms, serial_corexii_hall,
          chequers_hall_statues_wall_a, chequers_hall_statues_corner_a,
          hellmonk_ecumenical_altar_watching_god
D:2:      layout_rooms, serial_shops, shop, uniq_sigmund
D:3:      layout_loops_ring, mainiacjoe_overflow_brackets, minmay_bisected

Skill      XL: |  1  2  3  4  5 |
---------------+----------------+-----
Polearms       | 3 6 7 |  7.5
Fighting       | |  3.6
Armour         | |  3.6
Shields        | |  3.6

Action                   |  1- 3 |  4- 6 || total
-------------------------+-------+-------++-------
Melee: Trident           |    66 |    76 ||   142
       Headbutt          |     2 |     4 ||     6
  Use: Potion            |     1 |       ||     1
Armor: Scale mail        |    21 |    39 ||    60
Dodge: Dodged            |    20 |    13 ||    33
Block: Buckler           |     9 |    13 ||    22

Table legend: (Time is in decaauts)
 A = Elapsed time spent in this place.
 B = Non-inter-level travel time spent in this place.
 C = Inter-level travel time spent in this place.
 D = Time resting spent in this place.
 E = Time spent auto-exploring this place.
 F = Levels seen in this place.
 G = Mean time per level.
                   A        B        C        D        E       F      G
               +--------+--------+--------+--------+--------+-----+--------+
         Total |   1271 |   1199 |     72 |      0 |    903 |   3 |  423.7 |
       Dungeon |   1271 |   1199 |     72 |      0 |    903 |   3 |  423.7 |
               +--------+--------+--------+--------+--------+-----+--------+

Top non-repeatable levels by time:
     D:1: 726 daAuts
     D:2: 494 daAuts
     D:3: 51 daAuts
